 Dungeon Crawl Stone Soup version 0.24-b1-44-g37ad8b309f (webtiles) character file.

Game seed: 4806722438979385551, levelgen mode: deterministic

4811 Ruokin the Cleaver (level 10, -1/94 HPs)
             Began as a Hill Orc Berserker on Oct 23, 2019.
             Was an Elder of Trog.
             Slain by Prince Ribbit (13 damage)
             ... on level 8 of the Dungeon.
             The game lasted 00:26:03 (8161 turns).

Ruokin the Cleaver (Hill Orc Berserker)             Turns: 8161, Time: 00:26:04

Health: -1/94      AC: 21    Str: 24    XL:     10   Next: 48%
Magic:  10/10      EV:  9    Int:  7    God:    Trog [****..]
Gold:   463        SH:  0    Dex: 13    Spells: 9/9 levels left

rFire    . . .     SeeInvis .   a - +1 hand axe
rCold    . . .     Gourm    .   (no shield)
rNeg     . . .     Faith    +   f - +3 chain mail
rPois    +         Spirit   .   k - +2 helmet
rElec    .         Reflect  .   K - +0 cloak
rCorr    .         Harm     .   (no gloves)
MR       .....                  D - +2 pair of boots of the Assassin {Detection Stab+ Stlth++}
Stlth    ..........             l - amulet of faith
HPRegen  0.25/turn              g - ring of poison resistance
MPRegen  0.12/turn              u - +3 ring of dexterity

@: berserk cooldown, very slightly contaminated, slowed, very slow
A: no striking features
a: Berserk, Trog's Hand, Brothers in Arms, Renounce Religion, Convert to Beogh


You were on level 8 of the Dungeon.
You worshipped Trog.
Trog was greatly pleased with you.
You were very hungry.

You visited 1 branch of the dungeon, and saw 8 of its levels.
You also visited: Sewer.

You collected 463 gold pieces.

Inventory:

Hand Weapons
 a - a +1 hand axe (weapon)
 B - a +2 halberd of venom
 J - a +2 quarterstaff of chaos
Armour
 f - a +3 chain mail (worn)
 k - a +2 helmet (worn)
 w - a +0 plate armour
 D - the +2 pair of boots of the Assassin (worn) {Detection Stab+ Stlth++}
   (You found it in a sewer)

   It makes you much more stealthy.
 K - a +0 cloak (worn)
Jewellery
 g - a ring of poison resistance (left hand)
 l - an amulet of faith (around neck)
 o - an uncursed amulet of magic regeneration {unknown}
 s - an uncursed ring of positive energy {unknown}
 u - a +3 ring of dexterity (right hand)
 v - an uncursed ring of poison resistance
 A - an uncursed amulet of the gourmand
 F - an uncursed ring of protection from cold {unknown}
 L - the ring "Neumec" {rCorr Dex+3, unknown}
   (You found it on level 8 of the Dungeon)

   [ring of resist corrosion]

   It affects your dexterity (+3).
   It provides partial protection from all sources of acid and corrosion.
Wands
 r - a wand of random effects (14)
 y - a wand of paralysis (9)
Scrolls
 i - 5 scrolls of remove curse
 m - a scroll of fog
 z - 2 scrolls of enchant weapon
 C - a scroll of immolation {unknown}
 E - 2 scrolls of random uselessness {unknown}
 H - 4 scrolls of teleportation
Potions
 d - 4 potions of flight {unknown}
 e - a potion of agility
 h - 2 potions of invisibility {unknown}
 j - 2 potions of mutation {unknown}
 n - 2 potions of heal wounds {unknown}
 p - a potion of lignification {unknown}
 q - 4 potions of curing
 t - 2 potions of degeneration {unknown}
 x - a potion of haste {unknown}
 G - a potion of berserk rage {unknown}
Comestibles
 c - 10 rations


   Skills:
 * Level 10.5 Fighting
 * Level 14.2 Axes
 + Level 6.7 Armour
 - Level 2.0 Dodging


You had 9 spell levels left.
You didn't know any spells.
Your spell library was empty.

Dungeon Overview and Level Annotations

Branches:
Dungeon (8/15)             Temple (0/1) D:5           Sewer (visited)
   Lair: D:8-11

Altars:
Elyvilon
Hepliaklqana
Kikubaaqudgha
Makhleb
Nemelex Xobeh
Okawaru
Qazlal
Ru
Trog
Xom
Yredelemnul
The Shining One

Shops:
D:5 *

Annotations:
D:8 Prince Ribbit


Message History

Prince Ribbit hits you but does no damage.
A killer bee comes into view.
An orc priest comes into view. It is wielding a +0 falchion.
An orc wizard comes into view. It is wielding a +0 dagger.
Prince Ribbit catches a baby bat with his tongue.
Prince Ribbit hits you but does no damage.
The killer bee stings you but does no damage.
Found a murky purple potion.
Found a stone staircase leading up.
You are feeling very hungry.
The killer bee stings you.
* * * LOW HITPOINT WARNING * * *
The killer bee barely misses you.
Prince Ribbit hits you but does no damage.
An orc priest comes into view. It is wielding a +0 club.
You fail to use your ability.
The orc priest shouts! x2
The killer bee barely misses you.
The killer bee stings you but does no damage. x2
Prince Ribbit hits you!
You die...

.## ..#.## #≈ .
#. .. #.# #
...#..# .# .
....#.. .#...
....!..###......
...o..yF@y......
<......y#.#....#
oo.....yy.# ..#
...###.y..# # .o
#...## ....y
....... ......#
###.##.#


You could see Prince Ribbit, 5 killer bees, 2 orc priests and an orc.

Vanquished Creatures
  2 two-headed ogres (D:8)
  2 dream sheep (D:8)
  A hippogriff (D:8)
  2 yaks (D:8)
  Purgy (Sewer)
  2 orc warriors
  A phantom (D:5)
  An ogre (D:4)
  A centaur (D:7)
  4 big kobolds
  Blork the orc (D:5)
  3 bullfrogs
  2 scorpions
  7 killer bees (D:7)
  A crimson imp (D:7)
  A quasit (D:7)
  8 orc priests
  A jelly (D:7)
  Crazy Yiuf (D:7)
  9 orc wizards
  2 centaur skeletons
  4 iguanas
  Ijyb (D:3)
  8 worker ants
  2 worker ant zombies
  11 adders
  An adder zombie (D:5)
  2 worms
  3 dart slugs (D:1)
  4 leopard geckos
  22 orcs
  A ball python (D:3)
  11 giant cockroaches
  2 goblins
  6 hobgoblins
  14 jackals
  3 quokkas
  A ball python skeleton (D:3)
  7 bats
  6 frilled lizards
  A jackal skeleton (D:5)
  16 kobolds
  A leopard gecko skeleton (D:5)
  6 rats
186 creatures vanquished.

Notes
Turn   | Place    | Note
-------+----------+-------------------------------------------
     0 | D:1      | Ruokin the Hill Orc Berserker began the quest for the Orb.
     0 | D:1      | Reached XP level 1. HP: 19/19 MP: 1/1
   180 | D:1      | Reached XP level 2. HP: 24/27 MP: 2/2
   514 | D:1      | Reached XP level 3. HP: 31/34 MP: 3/3
   861 | D:2      | Found a shimmering altar of Xom.
  1197 | D:2      | Reached XP level 4. HP: 41/41 MP: 4/4
  1199 | D:2      | Reached ** piety under Trog
  1219 | D:2      | Found an iron altar of Okawaru.
  1307 | D:3      | Reached skill level 5 in Axes
  1386 | D:3      | Found a hazy altar of Hepliaklqana.
  1386 | D:3      | Noticed Ijyb
  1402 | D:3      | Killed Ijyb
  1806 | D:3      | Reached skill level 5 in Fighting
  1806 | D:3      | Reached XP level 5. HP: 47/48 MP: 5/5
  1977 | D:3      | Reached skill level 6 in Axes
  2203 | D:4      | Noticed an ogre
  2211 | D:4      | Killed an ogre
  2211 | D:4      | Reached XP level 6. HP: 15/56 MP: 6/6
  2541 | D:4      | Reached skill level 7 in Axes
  3097 | D:4      | Reached *** piety under Trog
  3097 | D:4      | Reached XP level 7. HP: 60/62 MP: 7/7
  3341 | D:4      | Found a white marble altar of Elyvilon.
  3351 | D:4      | Reached skill level 8 in Axes
  3423 | D:4      | Found a glowing golden altar of the Shining One.
  3423 | D:4      | Found a sacrificial altar of Ru.
  3424 | D:4      | Found a bloodstained altar of Trog.
  3621 | D:5      | Entered Level 5 of the Dungeon
  3621 | D:5      | Found a staircase to the Ecumenical Temple.
  3683 | D:5      | Noticed Blork the orc
  3701 | D:5      | Killed Blork the orc
  3881 | D:5      | Received a gift from Trog
  3898 | D:5      | Found Ygoituitz's General Store.
  4059 | D:5      | Reached skill level 9 in Axes
  4443 | D:5      | Reached XP level 8. HP: 71/71 MP: 8/8
  4525 | D:5      | Reached skill level 10 in Axes
  5093 | D:6      | Reached **** piety under Trog
  5234 | D:6      | Found a sparkling altar of Nemelex Xobeh.
  5383 | D:6      | Found a glowing drain.
  5397 | Sewer    | Entered a sewer
  5426 | Sewer    | Noticed Purgy
  5434 | Sewer    | Killed Purgy
  5584 | Sewer    | Found the +2 pair of boots of the Assassin {Detection Stab+
                  | Stlth++}
  5692 | D:6      | Found a burning altar of Makhleb.
  5692 | D:6      | Noticed an Executioner
  5695 | D:6      | Noticed a smoke demon
  5798 | D:6      | Found a stormy altar of Qazlal.
  6012 | D:7      | Reached skill level 11 in Axes
  6026 | D:7      | Reached skill level 5 in Armour
  6256 | D:7      | Reached XP level 9. HP: 78/80 MP: 9/9
  6526 | D:7      | Found a runed translucent door.
  6527 | D:7      | Noticed Crazy Yiuf
  6741 | D:7      | Found an ancient bone altar of Kikubaaqudgha.
  6838 | D:7      | Reached skill level 12 in Axes
  7291 | D:7      | Killed Crazy Yiuf
  7317 | D:8      | Noticed a two-headed ogre
  7338 | D:8      | Killed a two-headed ogre
  7338 | D:8      | Reached skill level 13 in Axes
  7558 | D:8      | Received a gift from Trog
  7613 | D:8      | Noticed a two-headed ogre
  7633 | D:8      | Killed a two-headed ogre
  7633 | D:8      | Reached skill level 10 in Fighting
  7633 | D:8      | Reached XP level 10. HP: 34/93 MP: 10/10
  7881 | D:8      | Found a basalt altar of Yredelemnul.
  8065 | D:8      | Got a translucent pewter ring
  8095 | D:8      | Reached skill level 14 in Axes
  8123 | D:8      | Noticed a three-headed hydra
  8159 | D:8      | Noticed Prince Ribbit
  8161 | D:8      | Slain by Prince Ribbit

Skill      XL: |  1  2  3  4  5  6  7  8  9 10 |
---------------+-------------------------------+-----
Fighting       | 4 5 6 7 10 | 10.5
Dodging        | 2 |  2.0
Axes           | 5 6 7 9 11 13 14 | 14.2
Armour         | 3 4 5 6 |  6.7

Action                   |  1- 3 |  4- 6 |  7- 9 | 10-12 || total
-------------------------+-------+-------+-------+-------++-------
Melee: Hand axe          |   117 |   193 |   489 |    55 ||   854
Invok: Trog's Hand       |       |     2 |     5 |     2 ||     9
       Berserk           |       |     2 |     3 |     2 ||     7
  Use: Scroll            |       |     6 |     5 |     4 ||    15
 Stab: Sleeping          |     1 |       |       |       ||     1
  Eat: Chunk             |     1 |     2 |     2 |       ||     5
       Ration            |       |     2 |     5 |     1 ||     8
Armor: Animal skin       |    17 |       |       |       ||    17
       Ring mail         |    33 |    73 |       |       ||   106
       Plate armour      |       |    19 |   113 |       ||   132
       Chain mail        |       |       |   159 |    80 ||   239
Dodge: Dodged            |    90 |    91 |   169 |    32 ||   382
